 Dungeon Crawl Stone Soup version 0.20-a0-641-g673355a (webtiles) character file.

2387 Klosterheim the Cleaver (level 9, -3/86 HPs)
             Began as a Naga Fighter on Feb 13, 2017.
             Was a Believer of Cheibriados.
             Slain by an orc warrior
             ... wielding a +0 trident
              (5 damage)
             ... on level 8 of the Dungeon.
             The game lasted 00:14:39 (7595 turns).

Klosterheim the Cleaver (Naga Fighter)              Turns: 7595, Time: 00:14:40

Health: -3/86      AC: 10    Str: 28    XL:     9   Next: 46%
Magic:  8/11       EV:  3    Int: 16    God:    Cheibriados [**....]
Gold:   375        SH: 10    Dex: 22    Spells: 8/8 levels left

rFire    + . .     SeeInvis +   a - +0 war axe
rCold    . . .     Gourm    .   e - +0 plate armour
rNeg     . . .     Faith    .   c - +0 shield
rPois    +         Spirit   .   (helmet restricted)
rElec    .         Reflect  .   d - +0 cloak
rCorr    .         Harm     .   (no gloves)
MR       +....                  (no barding)
Stlth    ..........             (no amulet)
Regen    0.3/turn               v - ring of protection from fire
MPRegen  0.2/turn               r - +5 ring of dexterity

@: very slow
A: horns 1, see invisible, blink, clever 1, deformed body, poison resistance,
slowness 2, slow metabolism 1, spit poison 1, AC +3
a: Spit Poison, Blink, Bend Time, Renounce Religion


You were on level 8 of the Dungeon.
You worshipped Cheibriados.
Cheibriados was pleased with you.
You were not hungry.

You visited 1 branch of the dungeon, and saw 8 of its levels.
You also visited: Bailey.

You collected 375 gold pieces.

Inventory:

Hand Weapons
 a - a +0 war axe (weapon)
Armour
 c - a +0 shield (worn)
 d - a +0 cloak (worn)
 e - a +0 plate armour (worn)
Jewellery
 r - a +5 ring of dexterity (left hand)
 v - a ring of protection from fire (right hand)
Wands
 h - a wand of lightning (8/15)
 w - a wand of disintegration (24/24)
 z - a wand of digging (17/24)
Scrolls
 i - 4 scrolls of fear
 o - 4 scrolls of remove curse
 p - a scroll of enchant weapon {unknown}
 q - 2 scrolls of enchant armour {unknown}
 s - a scroll of magic mapping {unknown}
 y - 4 scrolls of teleportation
Potions
 b - 2 potions of haste
 j - 2 potions of curing
 n - 3 potions of brilliance
 t - a potion of berserk rage {unknown}
 u - 2 potions of agility {unknown}
 x - a potion of mutation
 B - a potion of flight {unknown}
Books
 k - a book of Cantrips

   Spells                             Type                      Level
   a - Confusing Touch                Hexes                        1
   b - Animate Skeleton               Necromancy                   1
   c - Summon Small Mammal            Summoning                    1
   d - Apportation                    Translocation                1
Comestibles
 f - 6 bread rations
 g - 5 chunks of flesh
 l - 4 meat rations
 m - 2 fruits
 C - a royal jelly


   Skills:
 + Level 7.0 Fighting
 + Level 9.5 Axes
 - Level 2.4 Armour
 - Level 6.0 Stealth
 - Level 2.4 Shields
 - Level 3.5 Invocations


You had 8 spell levels left.
You didn't know any spells.

Dungeon Overview and Level Annotations

Branches:
Dungeon (8/15)             Temple (0/1) D:7
   Lair: D:8-11

Altars:
Cheibriados
Dithmenos
Elyvilon
Kikubaaqudgha
Makhleb
Nemelex Xobeh
Okawaru
Sif Muna
Trog
Uskayaw
Vehumet
The Shining One

Shops:
D:4 }   D:7 [


Innate Abilities, Weirdness & Mutations

You cannot wear boots.
Your serpentine skin is tough. (AC +3)
You have supernaturally acute eyesight. (SInv)
Armour fits poorly on your strangely shaped body.
Your system is resistant to poisons. (rPois)
You cover ground very slowly.
You have a slow metabolism.
You can spit poison.
You have a pair of small horns on your head.
You can translocate small distances at will.
Your mind is acute. (Int +2)


Message History

The orc warrior is lightly wounded.
Your shield and plate armour prevent you from hitting the orc.
The orc hits you but does no damage.
The orc warrior hits you but does no damage.
You hit the orc warrior but do no damage.
You headbutt the orc warrior, but do no damage.
The orc warrior is lightly wounded.
You closely miss the orc. You block the orc's attack.
The orc warrior hits you from afar with a trident!
* * * LOW HITPOINT WARNING * * *
You hit the orc warrior. Your headbutt misses the orc warrior.
The orc warrior is moderately wounded.
You slash the orc!
You kill the orc!
Cheibriados appreciates the change of pace.
The orc warrior hits you with a halberd!!
* * * LOW HITPOINT WARNING * * *
The orc throws a tomahawk.
You block the tomahawk.
The orc warrior hits you from afar with a trident.
You die... ######### #.......# #@#####.###### #ooooO#....†.# #ooooo######.# #ooooo# #.# #o.ooo#

#.# ####### #.#
#.######.#####
#.###.#...........
#.........##>.####


You could see 2 orc warriors, an ogre, an orc priest and 15 orcs.

Vanquished Creatures
  The ghost of murphy the Destroyer, a novice DECj (D:6)
  A spriggan (D:7)
  Duvessa (D:6)
  2 orc warriors
  A black bear (D:7)
  A phantom (D:6)
  An ice beast (D:4)
  2 bullfrogs (D:7)
  Dowan (D:6)
  A scorpion (D:8)
  A howler monkey (D:4)
  2 bullfrog zombies
  2 crimson imps
  2 centaur skeletons
  2 hounds
  A jelly (D:6)
  4 orc priests
  An iguana (D:6)
  7 worker ants
  12 orc wizards
  A hound skeleton (D:4)
  8 adders
  A shadow imp (D:7)
  An ooze (D:7)
  An adder skeleton (D:2)
  3 worms
  2 dart slugs
  6 leopard geckos
  32 orcs
  4 giant cockroaches
  9 goblins
  9 hobgoblins
  4 jackals
  11 kobolds
  4 quokkas
  A ball python (D:3)
  9 bats
  5 frilled lizards
  A jackal skeleton (D:5)
  7 rats
165 creatures vanquished.

Notes
Turn   | Place    | Note
-------+----------+-------------------------------------------
     0 | D:1      | Klosterheim the Naga Fighter began the quest for the Orb.
     0 | D:1      | Reached XP level 1. HP: 21/21 MP: 1/1
   165 | D:1      | Reached XP level 2. HP: 28/28 MP: 2/2
   389 | D:1      | Reached skill level 3 in Axes
   667 | D:2      | Reached XP level 3. HP: 22/34 MP: 3/3
  1019 | D:2      | Reached skill level 4 in Axes
  1248 | D:2      | Reached XP level 4. HP: 32/42 MP: 4/4
  2345 | D:3      | Reached skill level 5 in Axes
  2346 | D:3      | Reached XP level 5. HP: 49/49 MP: 5/5
  3254 | D:4      | Found Defalyke's Gadget Shoppe.
  3274 | D:4      | Reached skill level 1 in Stealth
  3353 | D:4      | Reached XP level 6. HP: 56/56 MP: 6/6
  3403 | D:4      | Reached skill level 6 in Axes
  3575 | D:4      | Gained mutation: Your mind is acute. (Int +2) [potion of mutation]
  3575 | D:4      | Gained mutation: You can translocate small distances at will. [potion of mutation]
  3575 | D:4      | Gained mutation: You have a pair of small horns on your head. [potion of mutation]
  3588 | D:4      | Reached XP level 7. HP: 18/62 MP: 7/7
  3593 | D:4      | Found a hide-covered altar of Uskayaw.
  3977 | D:4      | Found a snail-covered altar of Cheibriados.
  4007 | D:4      | Became a worshipper of Cheibriados the Contemplative
  4293 | D:5      | Entered Level 5 of the Dungeon
  4300 | D:5      | Found a radiant altar of Vehumet.
  4327 | D:5      | Reached skill level 5 in Stealth
  4681 | D:4      | Reached skill level 7 in Axes
  4924 | D:5      | Found a bloodstained altar of Trog.
  5189 | D:5      | Found a white marble altar of Elyvilon.
  5190 | D:5      | Found a shadowy altar of Dithmenos.
  5192 | D:5      | Found an ancient bone altar of Kikubaaqudgha.
  5343 | D:6      | Noticed murphy's ghost (novice DECj)
  5362 | D:6      | Killed murphy's ghost
  5362 | D:6      | Reached XP level 8. HP: 58/72 MP: 5/8
  5821 | D:6      | Reached skill level 8 in Axes
  5919 | D:6      | Reached * piety under Cheibriados
  6015 | D:6      | Noticed Duvessa
  6017 | D:6      | Noticed Dowan
  6034 | D:6      | Killed Duvessa
  6034 | D:6      | Reached skill level 5 in Fighting
  6037 | D:6      | HP: 2/74 [Dowan/shard of ice (29)]
  6038 | D:6      | Killed Dowan
  6680 | D:7      | Reached skill level 9 in Axes
  6680 | D:7      | Reached skill level 1 in Invocations
  6693 | D:7      | Reached XP level 9. HP: 64/82 MP: 9/9
  6767 | D:7      | Found a flagged portal.
  6815 | D:7      | Reached ** piety under Cheibriados
  6821 | D:7      | Found an iron altar of Okawaru.
  6846 | Bailey   | Entered a bailey
  6879 | Bailey   | Noticed an orc knight
  6887 | Bailey   | Noticed an orc knight
  7097 | D:7      | Found Hest's Armour Shop.
  7318 | D:7      | Found a sparkling altar of Nemelex Xobeh.
  7320 | D:7      | Found a deep blue altar of Sif Muna.
  7349 | D:7      | Found a staircase to the Ecumenical Temple.
  7446 | D:7      | Found a glowing golden altar of the Shining One.
  7449 | D:7      | Found a burning altar of Makhleb.
  7595 | D:8      | HP: 2/86 [orc warrior/halberd (23)]
  7595 | D:8      | Slain by an orc warrior

Vault maps used:
D:1:      scummos_arrival_star
D:2:      mumra_celtic_spiral_tile
D:4:      overflow_temple_1_default, serial_shops, shop, first_bread,
          kennysheep_slug_shrine
D:5:      lightli_temple_of_fire, minitemple, basic_altar
D:6:      uniq_duvessa
D:7:      lemuel_coloured_pillars_altar, nicolae_overflow_hidden_temple,
          minmay_temple_entry_poolview, serial_shops, shop, enter_bailey_2,
          the_bakery, grunt_decor_arrowhead, kennysheep_generic_room_15
D:8:      kennysheep_mini_moat, special_room, grunt_decor_fettered
Bailey:   bailey_axe_4, bailey

Skill      XL: |  1  2  3  4  5  6  7  8  9 |
---------------+----------------------------+-----
Axes           | 3 4 5 6 7 9 |  9.5
Stealth        | 2 4 6 |  6.0
Fighting       | 4 6 7 |  7.0
Invocations    | 1 3 |  3.5
Armour         | |  2.4
Shields        | |  2.4

Action                   |  1- 3 |  4- 6 |  7- 9 || total
-------------------------+-------+-------+-------++-------
Melee: War axe           |   147 |   210 |   234 ||   591
       Headbutt          |       |     2 |    62 ||    64
Invok: Bend Time         |       |       |     2 ||     2
 Abil: Spit Poison       |     6 |     9 |    34 ||    49
       Blink             |       |       |     7 ||     7
  Use: Scroll            |       |     3 |     8 ||    11
       Potion            |       |     3 |       ||     3
  Eat: Chunk             |     1 |     7 |    12 ||    20
       Fruit             |       |       |     1 ||     1
Armor: Plate armour      |   135 |   139 |   158 ||   432
Dodge: Dodged            |     9 |     8 |    28 ||    45
Block: Shield            |    82 |    92 |   158 ||   332
